 Dungeon Crawl Stone Soup version 0.29-a0-1027-gcd8c55af63 (webtiles) character file.

Game seed: 12266015857526973540

73 greenreed the Ducker (level 4, -7/41 HPs)
             Began as a Gnoll Monk on Aug 13, 2022.
             Mangled by a gnoll
             ... wielding a +0 halberd
              (12 damage)
             ... on level 2 of the Dungeon.
             The game lasted 00:01:56 (1108 turns).

greenreed the Ducker (Gnoll Monk)                   Turns: 1108, Time: 00:01:56

Health: -7/41      AC:  5    Str: 12    XL:     4   Next: 27%
Magic:  5/5        EV: 13    Int: 10    God:
Gold:   87         SH:  0    Dex: 14    Spells: 5/5 levels left

rFire   . . .      SeeInvis .   a - +0 mace
rCold   . . .      Faith    .   (no shield)
rNeg    . . .      Spirit   .   l - +0 ring mail
rPois   .          Reflect  .   (no helmet)
rElec   .          Harm     .   (no cloak)
rCorr   .          Rampage  .   (no gloves)
Will    .....                   (no boots)
Stlth   ++........              (no amulet)
HPRegen 0.13/turn               (no ring)
MPRegen 0.09/turn               (no ring)

@: no status effects
A: fangs 1, strong nose, distributed training
a: no special abilities


You were on level 2 of the Dungeon.
You visited 1 branch of the dungeon, and saw 2 of its levels.

You collected 87 gold pieces.

Inventory:

Hand Weapons
 a - a +0 mace (weapon)
Missiles
 h - 5 poisoned darts (quivered)
Armour
 b - a +0 robe
 l - a +0 ring mail (worn)
Scrolls
 d - a scroll of identify {unknown}
 j - a scroll of teleportation {unknown}
 k - a scroll of enchant armour {unknown}
 m - a scroll of fog {unknown}
 o - a scroll of magic mapping {unknown}
Potions
 c - a potion of ambrosia
 e - a potion of mutation {unknown}
 f - a potion of degeneration {unknown}
 g - a potion of flight {unknown}
 i - a potion of curing {unknown}
 n - a potion of cancellation {unknown}


   Skills:
 + Level 6.6 Fighting
 + Level 1.1 Short Blades
 + Level 1.1 Long Blades
 + Level 1.1 Axes
 + Level 6.6 Maces & Flails
 + Level 1.1 Polearms
 + Level 1.1 Staves
 + Level 1.1 Ranged Weapons
 + Level 1.1 Throwing
 + Level 1.1 Armour
 + Level 6.6 Dodging
 + Level 4.2 Stealth
 + Level 1.1 Shields
 + Level 1.1 Unarmed Combat
 + Level 1.1 Spellcasting
 + Level 0.9 Conjurations
 + Level 0.9 Hexes
 + Level 0.9 Summonings
 + Level 0.9 Necromancy
 + Level 0.9 Translocations
 + Level 0.9 Transmutations
 + Level 0.9 Fire Magic
 + Level 0.9 Ice Magic
 + Level 0.9 Air Magic
 + Level 0.9 Earth Magic
 + Level 0.9 Poison Magic
 + Level 1.2 Invocations
 + Level 1.1 Evocations


You had 5 spell levels left.
You didn't know any spells.
Your spell library contained the following spells:

 Spells                   Type           Power      Damage    Failure   Level
 Ensorcelled Hibernation  Hex/Ice        4%         N/A       63%         2
 Spider Form              Tmut/Pois      2%         N/A       85%         3
 Anguish                  Hex/Necr       1%         N/A       99%         4


Dungeon Overview and Level Annotations

Branches:
Dungeon (2/15)

Altars:


Innate Abilities, Weirdness & Mutations

You have very sharp teeth.
Your uncanny sense of smell can sniff out nearby items.
Your experience applies equally to all skills.


Message History

You have reached level 4!
You feel clever.
You hit the gnoll.
The gnoll is heavily wounded.
The gnoll hits you with a +0 whip!
* * * LOW HITPOINT WARNING * * *
You hit the gnoll.
The gnoll is heavily wounded.
The gnoll closely misses you.
You closely miss the gnoll.
The gnoll is heavily wounded.
The gnoll closely misses you.
You hit the gnoll. You bite the gnoll, but do no damage.
The gnoll is almost dead.
The gnoll closely misses you.
You closely miss the gnoll. You bite the gnoll.
You kill the gnoll!
A gnoll comes into view. It is wielding a +0 halberd.
The gnoll shouts!
The gnoll barely misses you.
You hit the gnoll. You bite the gnoll, but do no damage.
The gnoll is lightly wounded.
The gnoll closely misses you.
You hit the gnoll.
The gnoll is moderately wounded.
The gnoll misses you.
You closely miss the gnoll.
The gnoll is moderately wounded.
The gnoll closely misses you.
You barely miss the gnoll.
The gnoll is moderately wounded.
The gnoll closely misses you.
You sock the gnoll!
The gnoll is almost dead.
The gnoll hits you with a +0 halberd.
* * * LOW HITPOINT WARNING * * *
You closely miss the gnoll.
The gnoll is almost dead.
The gnoll hits you with a +0 halberd!
You die...

####.# # ∆ ..#..####.#
#..#.#... ##.##...#
...#.####..##g.#.#####
#....†.......###....#
...#.####..#...#.###.#
...##.#####.#....##
#.###
#......@g)....###
#.).† ####.#######..#
##### .. #..# ## #..#
#..# #..# .... #..##
.#.#


You could see a gnoll.

Vanquished Creatures
  3 gnolls (D:2)
  2 adders (D:2)
  3 dart slugs
  2 endoplasms (D:1)
  A goblin (D:2)
  2 hobgoblins
  2 quokkas (D:1)
  2 ball pythons (D:1)
  3 bats
  2 frilled lizards (D:1)
  2 rats (D:1)
24 creatures vanquished.

Notes
Turn   | Place    | Note
-------+----------+-------------------------------------------
     0 | D:1      | greenreed the Gnoll Monk began the quest for the Orb.
     0 | D:1      | Reached XP level 1. HP: 23/23 MP: 1/1
   210 | D:1      | Reached XP level 2. HP: 29/29 MP: 2/2
   902 | D:2      | Reached XP level 3. HP: 35/35 MP: 3/3
   983 | D:2      | Reached skill level 1 in Invocations
  1087 | D:2      | Reached skill level 1 in Short Blades
  1087 | D:2      | Reached skill level 1 in Long Blades
  1087 | D:2      | Reached skill level 1 in Axes
  1087 | D:2      | Reached skill level 1 in Polearms
  1087 | D:2      | Reached skill level 1 in Staves
  1087 | D:2      | Reached skill level 1 in Ranged Weapons
  1087 | D:2      | Reached skill level 1 in Throwing
  1087 | D:2      | Reached skill level 1 in Armour
  1087 | D:2      | Reached skill level 1 in Shields
  1087 | D:2      | Reached skill level 1 in Unarmed Combat
  1087 | D:2      | Reached skill level 1 in Spellcasting
  1087 | D:2      | Reached skill level 1 in Evocations
  1088 | D:2      | Reached XP level 4. HP: 15/41 MP: 5/5
  1108 | D:2      | Mangled by a gnoll

Illustrated notes

Levels and vault maps discovered:
D:1:      dpeg_arrival_lava_altar, layout_loops_cross
D:2:      layout_loops_ring, skrybe_limestone_x, uniq_natasha

Skill      XL: |  1  2  3 |
---------------+----------+-----
Invocations    | 1 |  1.2
Short Blades   | 1 |  1.1
Long Blades    | 1 |  1.1
Axes           | 1 |  1.1
Polearms       | 1 |  1.1
Staves         | 1 |  1.1
Ranged Weapons | 1 |  1.1
Throwing       | 1 |  1.1
Armour         | 1 |  1.1
Shields        | 1 |  1.1
Unarmed Combat | 1 |  1.1
Spellcasting   | 1 |  1.1
Evocations     | 1 |  1.1
Fighting       | |  6.6
Maces & Flails | |  6.6
Dodging        | |  6.6
Stealth        | |  4.2
Conjurations   | |  0.9
Hexes          | |  0.9
Summonings     | |  0.9
Necromancy     | |  0.9
Translocations | |  0.9
Transmutations | |  0.9
Fire Magic     | |  0.9
Ice Magic      | |  0.9
Air Magic      | |  0.9
Earth Magic    | |  0.9
Poison Magic   | |  0.9

Action                   |  1- 3 |  4- 6 || total
-------------------------+-------+-------++-------
Melee: Mace              |    80 |    11 ||    91
       Bite              |     8 |     3 ||    11
 Stab: Sleeping          |     7 |       ||     7
       Distracted        |     1 |       ||     1
Armor: Robe              |     3 |       ||     3
       Ring mail         |    15 |       ||    15
Dodge: Dodged            |    51 |     8 ||    59

Table legend: (Time is in decaauts)
 A = Elapsed time spent in this place.
 B = Non-inter-level travel time spent in this place.
 C = Inter-level travel time spent in this place.
 D = Time resting spent in this place.
 E = Time spent auto-exploring this place.
 F = Levels seen in this place.
 G = Mean time per level.
                   A        B        C        D        E       F      G
               +--------+--------+--------+--------+--------+-----+--------+
         Total |   1115 |   1058 |     57 |      0 |    822 |   2 |  557.5 |
       Dungeon |   1115 |   1058 |     57 |      0 |    822 |   2 |  557.5 |
               +--------+--------+--------+--------+--------+-----+--------+

Top non-repeatable levels by time:
     D:1: 889 daAuts
     D:2: 225 daAuts
